 Dungeon Crawl Stone Soup version 0.21.0-37-g46506fa (webtiles) character file.

2835 tidbits the Magician (level 9, -1/106 HPs)
             Began as a Gnoll Skald on Jan 30, 2018.
             Was a Follower of Cheibriados.
             Succumbed to a spiny frog's poison
             ... on level 1 of the Lair of Beasts.
             The game lasted 00:17:59 (1426 turns).

tidbits the Magician (Gnoll Skald)                  Turns: 1426, Time: 00:18:00

Health: -1/106     AC: 24    Str: 16    XL:     9   Next: 73%
Magic:  0/19       EV:  2    Int: 23    God:    Cheibriados [*.....]
Gold:   182        SH:  0    Dex: 17    Spells: 10/21 levels left

rFire    . . .     SeeInvis .   w - +0 morningstar
rCold    . . .     Gourm    .   (no shield)
rNeg     + + +     Faith    .   (armour currently unavailable)
rPois    +         Spirit   .   (helmet currently unavailable)
rElec    .         Reflect  .   (cloak currently unavailable)
rCorr    .         Harm     .   (gloves currently unavailable)
MR       .....     NoTele   +   (boots currently unavailable)
Stlth    +++.......             E - amulet of rage (curse)
HPRegen  0.27/turn              V - +5 ring of evasion
MPRegen  0.16/turn              n - ring of flight

@: lethally poisoned (-1 -> -13), tree-form, very slow
A: distributed training, strong nose
a: Bend Time, Renounce Religion, Evoke Berserk Rage


You were on level 1 of the Lair of Beasts.
You worshipped Cheibriados.
Cheibriados was aware of your devotion.
You were hungry.
You were a tree.
You visited 3 branches of the dungeon, and saw 11 of its levels.
You also visited: Sewer.

You collected 182 gold pieces.

Inventory:

Hand Weapons
 a - a +0 hand axe
 d - the +1 dagger of the Jester {pierce, rElec Dex+4}
   (You found it on level 5 of the Dungeon)

   It inflicts extra damage upon your enemies.
   It affects your dexterity (+4).
   It insulates you from electricity.
 h - a +0 short sword
 p - a +0 blowgun
 u - a +1 dagger of protection
   (You found it on level 6 of the Dungeon)
 w - a +0 morningstar (weapon)
Missiles
 g - 28 stones
 l - 30 arrows
 q - 7 poisoned needles
 D - 7 javelins (quivered)
 F - 2 throwing nets {!f}
Armour
 b - a +0 leather armour
 B - a +0 ring mail (melded)
Magical Staves
 z - an uncursed staff of wizardry {unknown}
   (You found it on level 9 of the Dungeon)
Jewellery
 e - an uncursed amulet of harm
   (You found it on level 9 of the Dungeon)
 n - a ring of flight (right branch)
   (You found it on level 2 of the Dungeon)
 E - a cursed amulet of rage (around neck)
   (You found it on level 8 of the Dungeon)
 V - a +5 ring of evasion (left branch)
   (You found it on level 2 of the Dungeon)
Wands
 A - a wand of acid (4)
 G - a wand of polymorph (18)
Scrolls
 i - 2 scrolls of immolation
 r - a scroll of fear {unknown}
 s - a scroll of blinking {unknown}
 v - 2 scrolls of enchant weapon
 x - a scroll of teleportation {unknown}
 y - a scroll of enchant armour
 C - a scroll of brand weapon
 H - a scroll of remove curse
Potions
 f - a potion of berserk rage {unknown}
 j - a potion of flight {unknown}
 k - a potion of lignification
 m - 2 potions of curing {unknown}
 o - 2 potions of degeneration
 I - 2 potions of resistance {unknown}
Books
 c - a book of Battle

   Spells                             Type                      Level
   a - Infusion                       Charms                       1
   b - Shroud of Golubria             Charms/Translocation         2
   c - Song of Slaying                Charms                       2
   d - Spectral Weapon                Hexes/Charms                 3
   e - Regeneration                   Charms/Necromancy            3
Comestibles
 t - 8 rations


   Skills:
 + Level 6.4 Fighting
 + Level 4.4 Short Blades
 + Level 4.4 Long Blades
 + Level 6.4 Axes
 + Level 4.4 Maces & Flails
 + Level 4.4 Polearms
 + Level 4.4 Staves
 + Level 4.4 Slings
 + Level 4.4 Bows
 + Level 4.4 Crossbows
 + Level 4.4 Throwing
 + Level 5.2 Armour
 + Level 6.4 Dodging
 + Level 4.4 Stealth
 + Level 4.4 Shields
 + Level 4.4 Unarmed Combat
 + Level 6.8 Spellcasting
 + Level 3.6 Conjurations
 + Level 3.6 Hexes
 + Level 6.6 Charms
 + Level 3.6 Summonings
 + Level 3.6 Necromancy
 + Level 3.6 Translocations
 + Level 3.6 Transmutations
 + Level 3.6 Fire Magic
 + Level 3.6 Ice Magic
 + Level 3.6 Air Magic
 + Level 3.6 Earth Magic
 + Level 3.6 Poison Magic
 + Level 4.9 Invocations
 + Level 4.4 Evocations


You had 10 spell levels left.
You knew the following spells:

 Your Spells              Type           Power        Failure   Level  Hunger
g - Shroud of Golubria    Chrm/Tloc      ####......   1%          2    None
i - Infusion              Chrm           ####         1%          1    None
r - Regeneration          Chrm/Necr      ####......   2%          3    None
w - Spectral Weapon       Hex/Chrm       ####....     2%          3    None
y - Song of Slaying       Chrm           #####...     1%          2    None


Dungeon Overview and Level Annotations

Branches:
Dungeon (10/15)            Temple (1/1) D:4            Lair (1/6) D:8
    Orc (0/2) D:10

Altars:
Ashenzari
Cheibriados
Dithmenos
Fedhas
Gozag
Hepliaklqana
Kikubaaqudgha
Makhleb
Nemelex Xobeh
Okawaru
Qazlal
Ru
Uskayaw
Vehumet
Wu Jian
Xom
Zin
The Shining One

Annotations:
D:9 exclusion: downstairs


Innate Abilities, Weirdness & Mutations

Your experience applies equally to all skills.
((You have very sharp teeth.))
Your uncanny sense of smell can sniff out nearby items.


Message History

You thump the six-headed hydra!
The six-headed hydra is almost dead.
Your spectral weapon hits the six-headed hydra!
You kill the six-headed hydra!
Cheibriados appreciates the change of pace.
Your life force feels restored.
Your Short Blades skill increases to level 4!
Your Long Blades skill increases to level 4!
Your Maces & Flails skill increases to level 4!
Your Polearms skill increases to level 4!
Your Staves skill increases to level 4!
Your Slings skill increases to level 4!
Your Bows skill increases to level 4!
Your Crossbows skill increases to level 4!
Your Throwing skill increases to level 4!
Your Armour skill increases to level 5!
Your Stealth skill increases to level 4!
Your Shields skill increases to level 4!
Your Unarmed Combat skill increases to level 4!
Your Evocations skill increases to level 4!
Found a crooked brass wand.
You see here a hydra corpse.
The hippogriff bites you.
The hippogriff pecks you but does no damage.
The hippogriff misses you.
Found 41 gold pieces.
You hit the hippogriff.
The hippogriff is lightly wounded.
Your spectral weapon hits the hippogriff!
The hippogriff bites you. The hippogriff pecks you. The hippogriff claws you.
* * * LOW HITPOINT WARNING * * *
You puncture the hippogriff!
The hippogriff is severely wounded.
Your spectral weapon hits the hippogriff!!
You kill the hippogriff!
Cheibriados appreciates the change of pace.
Found a scroll of remove curse.
You see here a javelin.
D - 7 javelins (gained 1)
You see here 16 gold pieces.
You now have 182 gold pieces (gained 16).
You see here a wand of polymorph (18).
Casting: Spectral Weapon
Confirm with . or Enter, or press ? or * to list all spells.
Your skin crawls.
Your spectral weapon fades away.
Unknown command.
G - a wand of polymorph (18)
You see here a scroll of identify.
As you read the scroll of identify, it crumbles to dust.
o - 2 potions of degeneration
Found 2 fizzy dark potions.
Your skin is crawling a little less now.
You see here a scroll of remove curse.
H - a scroll of remove curse Your skin stops crawling.
You see here 2 fizzy dark potions.
I - 2 fizzy dark potions A spiny frog comes into view.
The spiny frog moves out of view.
Casting: Regeneration
Confirm with . or Enter, or press ? or * to list all spells.
You draw out your weapon's spirit!
Found a stone staircase leading down.
A komodo dragon and a hydra come into view.
Your spectral weapon fades away.
Casting: Spectral Weapon
Confirm with . or Enter, or press ? or * to list all spells.
Space distorts slightly along a thin shroud covering your body.
The spiny frog gives a loud, deep croak!
The flow of time bends around you.
The komodo dragon resists with some effort.
You feel slightly more hungry.
The komodo dragon completely misses you.
The flow of time bends around you.
The komodo dragon resists with some effort.
You feel slightly more hungry.
The komodo dragon completely misses you.
The flow of time bends around you.
The komodo dragon resists with some effort.
You are feeling hungry.
The komodo dragon bites you!
Your shroud falls apart!
The flow of time bends around you.
The komodo dragon resists with some effort.
You feel slightly more hungry. The komodo dragon barely misses you.
The flow of time bends around you.
Cheibriados rebukes the komodo dragon.
The komodo dragon seems to slow down.
You feel slightly more hungry.
Casting: Shroud of Golubria
Confirm with . or Enter, or press ? or * to list all spells.
You draw out your weapon's spirit!
The spiny frog stings you!!
* * * LOW HITPOINT WARNING * * *
You are poisoned.
The spiny frog poisons you! The komodo dragon bites you!!
* * * LOW HITPOINT WARNING * * *
The spiny frog stings you but does no damage.
Unknown command.
It was a potion of lignification.
You turn into a tree.
Your +0 ring mail melds into your body.
Your roots penetrate the ground.
You die...

##.#.....# ##............
.#........# #.............
....>......# ##............
......#....# #............
..#..##....#######............
.#...#........................
.... ####.........###.#.###P#.
#.D ##...lF....###..# ###. #..
#...♣....## ##.# #. #........#
..# #. #.(......# #.#
#........# ..P #........# #.
#.........# .........##
...........


You could see a komodo dragon, a spiny frog and a friendly spectral morningstar.

Vanquished Creatures
  A hydra (Lair:1)
  A two-headed ogre (D:9)
  A hippogriff (Lair:1)
  2 ice beasts
  A black bear (D:6)
  2 ogres
  2 necrophages
  2 bullfrogs
  2 scorpions
  2 howler monkeys
  2 wights (D:6)
  A hound (D:7)
  A centaur skeleton (D:6)
  A bullfrog skeleton (D:9)
  An orc wizard (D:5)
  2 worker ants
  9 gnolls
  2 adders
  A shadow imp (D:6)
  An ooze (D:2)
  3 leopard geckos
  3 orcs (D:5)
  2 giant cockroaches
  4 jackals (D:6)
  3 kobolds
  A quokka (D:4)
  A ball python (D:5)
  2 bats
  3 frilled lizards
  A goblin (D:2)
  A leopard gecko zombie (D:5)
  A rat (D:2)
62 creatures vanquished.

Notes
Turn   | Place    | Note
-------+----------+-------------------------------------------
     0 | D:1      | tidbits the Gnoll Skald began the quest for the Orb.
     0 | D:1      | Reached XP level 1. HP: 20/20 MP: 6/6
   205 | D:2      | Reached XP level 2. HP: 26/26 MP: 3/7
   209 | D:2      | Learned a level 2 spell: Song of Slaying
   212 | D:2      | Learned a level 2 spell: Shroud of Golubria
   217 | D:2      | Found an iron altar of Okawaru.
   297 | D:2      | Reached XP level 3. HP: 31/31 MP: 2/9
   322 | D:2      | Learned a level 3 spell: Spectral Weapon
   326 | D:2      | Learned a level 3 spell: Regeneration
   326 | D:2      | You fall through a shaft for 2 floors!
   355 | D:4      | Found a staircase to the Ecumenical Temple.
   361 | Temple   | Entered the Ecumenical Temple
   478 | Temple   | Became a worshipper of Cheibriados the Contemplative
   541 | D:4      | Reached skill level 1 in Short Blades
   541 | D:4      | Reached skill level 1 in Long Blades
   541 | D:4      | Reached skill level 1 in Maces & Flails
   541 | D:4      | Reached skill level 1 in Polearms
   541 | D:4      | Reached skill level 1 in Staves
   541 | D:4      | Reached skill level 1 in Slings
   541 | D:4      | Reached skill level 1 in Bows
   541 | D:4      | Reached skill level 1 in Crossbows
   541 | D:4      | Reached skill level 1 in Throwing
   541 | D:4      | Reached skill level 1 in Stealth
   541 | D:4      | Reached skill level 1 in Shields
   541 | D:4      | Reached skill level 1 in Unarmed Combat
   541 | D:4      | Reached skill level 5 in Spellcasting
   541 | D:4      | Reached skill level 1 in Invocations
   541 | D:4      | Reached skill level 1 in Evocations
   541 | D:4      | Reached XP level 4. HP: 27/38 MP: 7/11
   559 | D:4      | Noticed an ice beast
   575 | D:4      | Killed an ice beast
   575 | D:4      | Reached skill level 1 in Conjurations
   575 | D:4      | Reached skill level 1 in Hexes
   575 | D:4      | Reached skill level 1 in Summonings
   575 | D:4      | Reached skill level 1 in Necromancy
   575 | D:4      | Reached skill level 1 in Translocations
   575 | D:4      | Reached skill level 1 in Transmutations
   575 | D:4      | Reached skill level 1 in Fire Magic
   575 | D:4      | Reached skill level 1 in Ice Magic
   575 | D:4      | Reached skill level 1 in Air Magic
   575 | D:4      | Reached skill level 1 in Earth Magic
   575 | D:4      | Reached skill level 1 in Poison Magic
   575 | D:4      | Reached XP level 5. HP: 11/43 MP: 5/12
   593 | D:5      | Entered Level 5 of the Dungeon
   597 | D:5      | Reached skill level 3 in Armour
   599 | D:5      | Found a glowing drain.
   620 | Sewer    | Entered a sewer
   745 | D:5      | Reached XP level 6. HP: 46/50 MP: 9/13
   759 | D:5      | Reached skill level 2 in Invocations
   767 | D:5      | Got a translucent dagger
   793 | D:5      | Identified the cursed +1 dagger of the Jester {pierce, rElec Dex+4} (You found it on level 5 of the Dungeon)
   825 | D:5      | Reached * piety under Cheibriados
   915 | D:5      | Reached skill level 5 in Fighting
   915 | D:5      | Reached skill level 2 in Short Blades
   915 | D:5      | Reached skill level 2 in Long Blades
   915 | D:5      | Reached skill level 5 in Axes
   915 | D:5      | Reached skill level 2 in Maces & Flails
   915 | D:5      | Reached skill level 2 in Polearms
   915 | D:5      | Reached skill level 2 in Staves
   915 | D:5      | Reached skill level 2 in Slings
   915 | D:5      | Reached skill level 2 in Bows
   915 | D:5      | Reached skill level 2 in Crossbows
   915 | D:5      | Reached skill level 2 in Throwing
   915 | D:5      | Reached skill level 5 in Dodging
   915 | D:5      | Reached skill level 2 in Stealth
   915 | D:5      | Reached skill level 2 in Shields
   915 | D:5      | Reached skill level 2 in Unarmed Combat
   915 | D:5      | Reached skill level 2 in Evocations
   931 | D:6      | Reached XP level 7. HP: 48/56 MP: 7/15
   977 | D:6      | Reached skill level 2 in Conjurations
   977 | D:6      | Reached skill level 2 in Hexes
   977 | D:6      | Reached skill level 2 in Summonings
   977 | D:6      | Reached skill level 2 in Necromancy
   977 | D:6      | Reached skill level 2 in Translocations
   977 | D:6      | Reached skill level 2 in Transmutations
   977 | D:6      | Reached skill level 2 in Fire Magic
   977 | D:6      | Reached skill level 2 in Ice Magic
   977 | D:6      | Reached skill level 2 in Air Magic
   977 | D:6      | Reached skill level 2 in Earth Magic
   977 | D:6      | Reached skill level 2 in Poison Magic
  1041 | D:7      | Reached skill level 3 in Invocations
  1052 | D:7      | Reached XP level 8. HP: 24/63 MP: 0/16
  1068 | D:7      | Reached skill level 6 in Charms
  1110 | D:9      | Reached skill level 3 in Short Blades
  1110 | D:9      | Reached skill level 3 in Long Blades
  1110 | D:9      | Reached skill level 3 in Maces & Flails
  1110 | D:9      | Reached skill level 3 in Polearms
  1110 | D:9      | Reached skill level 3 in Staves
  1110 | D:9      | Reached skill level 3 in Slings
  1110 | D:9      | Reached skill level 3 in Bows
  1110 | D:9      | Reached skill level 3 in Crossbows
  1110 | D:9      | Reached skill level 3 in Throwing
  1110 | D:9      | Reached skill level 4 in Armour
  1110 | D:9      | Reached skill level 3 in Stealth
  1110 | D:9      | Reached skill level 3 in Shields
  1110 | D:9      | Reached skill level 3 in Unarmed Combat
  1110 | D:9      | Reached skill level 3 in Evocations
  1130 | D:10     | Entered Level 10 of the Dungeon
  1130 | D:10     | Found a staircase to the Orcish Mines.
  1130 | D:10     | Noticed an orc sorcerer
  1196 | D:9      | Noticed a two-headed ogre
  1204 | D:9      | Killed a two-headed ogre
  1204 | D:9      | Reached skill level 6 in Fighting
  1204 | D:9      | Reached skill level 6 in Axes
  1204 | D:9      | Reached skill level 6 in Dodging
  1204 | D:9      | Reached skill level 6 in Spellcasting
  1204 | D:9      | Reached skill level 3 in Conjurations
  1204 | D:9      | Reached skill level 3 in Hexes
  1204 | D:9      | Reached skill level 3 in Summonings
  1204 | D:9      | Reached skill level 3 in Necromancy
  1204 | D:9      | Reached skill level 3 in Translocations
  1204 | D:9      | Reached skill level 3 in Transmutations
  1204 | D:9      | Reached skill level 3 in Fire Magic
  1204 | D:9      | Reached skill level 3 in Ice Magic
  1204 | D:9      | Reached skill level 3 in Air Magic
  1204 | D:9      | Reached skill level 3 in Earth Magic
  1204 | D:9      | Reached skill level 3 in Poison Magic
  1204 | D:9      | Reached skill level 4 in Invocations
  1204 | D:9      | Reached XP level 9. HP: 34/69 MP: 12/18
  1307 | D:8      | Found a staircase to the Lair.
  1336 | Lair:1   | Entered Level 1 of the Lair of Beasts
  1359 | Lair:1   | Noticed a six-headed hydra
  1365 | Lair:1   | Killed a six-headed hydra
  1365 | Lair:1   | Reached skill level 4 in Short Blades
  1365 | Lair:1   | Reached skill level 4 in Long Blades
  1365 | Lair:1   | Reached skill level 4 in Maces & Flails
  1365 | Lair:1   | Reached skill level 4 in Polearms
  1365 | Lair:1   | Reached skill level 4 in Staves
  1365 | Lair:1   | Reached skill level 4 in Slings
  1365 | Lair:1   | Reached skill level 4 in Bows
  1365 | Lair:1   | Reached skill level 4 in Crossbows
  1365 | Lair:1   | Reached skill level 4 in Throwing
  1365 | Lair:1   | Reached skill level 5 in Armour
  1365 | Lair:1   | Reached skill level 4 in Stealth
  1365 | Lair:1   | Reached skill level 4 in Shields
  1365 | Lair:1   | Reached skill level 4 in Unarmed Combat
  1365 | Lair:1   | Reached skill level 4 in Evocations
  1403 | Lair:1   | Noticed a spiny frog
  1411 | Lair:1   | Noticed a five-headed hydra
  1411 | Lair:1   | Noticed a komodo dragon
  1425 | Lair:1   | HP: 1/71 [komodo dragon (28)]
  1426 | Lair:1   | Succumbed to a spiny frog's poison

Skill      XL: |  1  2  3  4  5  6  7  8  9 |
---------------+----------------------------+-----
Short Blades   | 1 2 3 4 |  4.4
Long Blades    | 1 2 3 4 |  4.4
Maces & Flails | 1 2 3 4 |  4.4
Polearms       | 1 2 3 4 |  4.4
Staves         | 1 2 3 4 |  4.4
Slings         | 1 2 3 4 |  4.4
Bows           | 1 2 3 4 |  4.4
Crossbows      | 1 2 3 4 |  4.4
Throwing       | 1 2 3 4 |  4.4
Stealth        | 1 2 3 4 |  4.4
Shields        | 1 2 3 4 |  4.4
Unarmed Combat | 1 2 3 4 |  4.4
Spellcasting   | 5 6 |  6.8
Invocations    | 1 2 3 4 |  4.9
Evocations     | 1 2 3 4 |  4.4
Conjurations   | 1 2 3 |  3.6
Hexes          | 1 2 3 |  3.6
Summonings     | 1 2 3 |  3.6
Necromancy     | 1 2 3 |  3.6
Translocations | 1 2 3 |  3.6
Transmutations | 1 2 3 |  3.6
Fire Magic     | 1 2 3 |  3.6
Ice Magic      | 1 2 3 |  3.6
Air Magic      | 1 2 3 |  3.6
Earth Magic    | 1 2 3 |  3.6
Poison Magic   | 1 2 3 |  3.6
Armour         | 3 4 5 |  5.2
Fighting       | 5 6 |  6.4
Axes           | 5 6 |  6.4
Dodging        | 5 6 |  6.4
Charms         | 6 |  6.6

Action                   |  1- 3 |  4- 6 |  7- 9 || total
-------------------------+-------+-------+-------++-------
Melee: Hand axe          |    32 |    42 |    45 ||   119
       Bite              |     2 |    10 |    13 ||    25
       Short sword       |       |    12 |       ||    12
       Dagger            |       |    13 |     1 ||    14
       Morningstar       |       |       |    30 ||    30
       Punch             |       |       |     1 ||     1
Throw: Javelin           |       |       |     2 ||     2
 Cast: Infusion          |     7 |     1 |       ||     8
       Spectral Weapon   |     1 |     8 |    14 ||    23
       Shroud of Golubri |       |     5 |     6 ||    11
       Regeneration      |       |     1 |     3 ||     4
Invok: Bend Time         |       |       |     7 ||     7
Evoke: Wand              |       |       |     2 ||     2
  Use: Scroll            |       |     2 |     4 ||     6
       Potion            |       |     1 |     2 ||     3
 Stab: Sleeping          |       |     1 |     2 ||     3
       Distracted        |       |     2 |     2 ||     4
  Eat: Chunk             |       |     1 |     1 ||     2
Armor: Leather armour    |     3 |     4 |     8 ||    15
       Ring mail         |       |       |     2 ||     2
Dodge: Dodged            |    21 |    84 |   106 ||   211

Table legend:
 A = Turns spent in this place as a percentage of turns spent in the entire game.
 B = Non-inter-level travel turns spent in this place as a percentage of non-inter-level travel turns spent in the entire game.
 C = Inter-level travel turns spent in this place as a percentage of turns spent in this place.
 D = Turns resting spent in this place as a percentage of non-inter-level travel turns spent in this place.
 E = Turns spent auto-exploring this place as a percentage of non-inter-level travel turns spent in this place.
 F = Non-inter-level travel turns spent in this place divided by the number of levels of this place that you've seen.
                   A       B       C       D       E      F
               +-------+-------+-------+-------+-------+----------------------
         Total | 100.0 | 100.0 |   0.0 |   0.0 |   0.0 | 118.8
       Dungeon |  76.2 |  76.2 |   0.0 |   0.0 |   0.0 | 120.7
        Temple |  10.7 |  10.7 |   0.0 |   0.0 |   0.0 | 153.0
          Lair |   6.3 |   6.3 |   0.0 |   0.0 |   0.0 |  90.0
         Sewer |   6.8 |   6.8 |   0.0 |   0.0 |   0.0 |  97.0
               +-------+-------+-------+-------+-------+----------------------

Table legend:
 A = Kills in this place as a percentage of kills in entire the game.
 B = Kills by you in this place as a percentage of kills by you in the entire game.
 C = Kills by friends in this place as a percentage of kills by friends in the entire game.
 D = Other kills in this place as a percentage of other kills in the entire game.
 E = Experience gained in this place as a percentage of experience gained in the entire game.
 F = Experience gained in this place divided by the number of levels of this place that you have seen.
                   A       B       C       D       E      F
               +-------+-------+-------+-------+-------+----------------------
         Total | 100.0 | 100.0 |   N/A |   N/A | 100.0 | 337.6
       Dungeon |  91.9 |  91.9 |   N/A |   N/A |  68.3 | 307.3
          Lair |   3.2 |   3.2 |   N/A |   N/A |  31.6 | 1280.0
         Sewer |   4.8 |   4.8 |   N/A |   N/A |   0.1 |   5.0
               +-------+-------+-------+-------+-------+----------------------

Vault maps used:
D:1:      saegor_arrival_simple_c, fountainhead
D:2:      okawaru_trees_1, uniq_terence
D:4:      minmay_temple_entry_fiery
D:5:      cheibrodos_quashed, cheibrodos_sewer_entry_drain, first_ration
D:6:      glass_columns_a
D:7:      yredelemnul_altar_generic, serial_shops, nicolae_shop_statue_plus,
          uniq_duvessa
D:8:      lair_entry_dummy
D:9:      gammafunk_temple_overflow_forgotten
D:10:     zombieorc2_lemuel, serial_shops, nicolae_shop_stone, uniq_maurice
Temple:   dpeg_five_rooms_temple
Lair:1:   grunt_megastairs_4
Sewer:    kennysheep_door_sewer
